 Dungeon Crawl Stone Soup version 0.30.0 (webtiles) character file.

Game seed: 6269810558768926667

287 SeerSkye the Chiller (level 6, -3/44 HPs)
             Began as a Merfolk Ice Elementalist on May 6, 2023.
             Slain by Grinder (5 damage)
             ... while paralysed by Grinder
             ... on level 4 of the Dungeon.
             The game lasted 00:23:08 (2528 turns).

SeerSkye the Chiller (Merfolk Ice Elementalist)     Turns: 2528, Time: 00:23:09

Health: -3/44      AC:  9    Str:  9    XL:     6   Next: 30%
Magic:  8/10       EV:  2    Int: 16    God:
Gold:   168        SH:  0    Dex: 14    Spells: 4/11 levels left

rFire   . . .        c - +2 dagger (venom)
rCold   . . .        (no shield)
rNeg    . . .        a - +0 robe
rPois   .            i - +0 helmet
rElec   .            (no cloak)
rCorr   .            (no gloves)
SInv    .            (no boots)
Will    .....        (no amulet)
Stlth   ++           (no ring)
HPRegen 0.27/turn    (no ring)
MPRegen 0.12/turn

%: no passive effects
@: paralysed, ice-armoured
A: (nimble swimmer 2), mertail
a: no special abilities


You were on level 4 of the Dungeon.
You visited 1 branch of the dungeon, and saw 4 of its levels.

You collected 168 gold pieces.

Inventory:

Hand Weapons
 b - a +0 spear
 c - a +2 dagger of venom (weapon)
Missiles
 o - 3 poisoned darts (quivered)
Armour
 a - a +0 robe (worn)
 i - a +0 helmet (worn)
Wands
 k - a wand of digging (2)
Scrolls
 n - a scroll of magic mapping {unknown}
Potions
 d - a potion of degeneration {unknown}
 e - 2 potions of ambrosia
 f - 2 potions of might {unknown}
 g - a potion of curing {unknown}
 j - a potion of lignification {unknown}
 l - a potion of heal wounds {unknown}


   Skills:
 - Level 2.0 Fighting
 - Level 3.0 Short Blades
 - Level 2.6 Dodging
 - Level 2.1 Stealth
 - Level 3.0 Spellcasting
 * Level 6.6 Ice Magic


You had 4 spell levels left.
You knew the following spells:

 Your Spells              Type           Power      Damage    Failure   Level
a - Freeze                Ice            92%        1d9       1%          1
b - Frozen Ramparts       Ice            46%        1d7       3%          3
c - Ozocubu's Armour      Ice            23%        N/A       3%          3

Your spell library contained the following spells:

 Spells                   Type           Power      Damage    Failure   Level
 Poisonous Vapours        Pois/Air       4%         N/A       28%         2
 Summon Ice Beast         Ice/Summ       12%        N/A       43%         4
 Mephitic Cloud           Conj/Pois/Air  2%         N/A       50%         3
 Portal Projectile        Hex/Tloc       4%         N/A       50%         3
 Tukima's Dance           Hex            2%         N/A       50%         3
 Freezing Cloud           Conj/Ice/Air   4%         6-21      91%         5
 Blade Hands              Tmut           1%         N/A       99%         5


Dungeon Overview and Level Annotations

Branches:
Dungeon (4/15) Zot: 21471
 Temple: D:4-7

Altars:
Okawaru

Shops:
D:2 (

Annotations:
D:3 Sigmund
D:4 Grinder


Innate Abilities, Weirdness & Mutations

((You are very nimble when in or above water. (Stealth+, EV+, Speed+++)))
Your lower body shifts to a powerful aquatic tail in water.


Message History

Press: ? - help, Shift-Dir - straight line, f - Grinder
Aim: Grinder (lightly wounded)
You freeze Grinder.
Grinder resists.
Grinder is lightly wounded.
Grinder completely resists.
The wall freezes Grinder but does no damage.
Grinder gestures at you. Pain shoots through your body!
* * * LOW HITPOINT WARNING * * *
Casting: Freeze (safe; 1% risk of failure)
Confirm with . or Enter, or press ? or * to list all spells.
Aiming: Freeze (safe; 1% risk of failure)
Press: ? - help, Shift-Dir - straight line, f/p - Grinder
Aim: Grinder (lightly wounded)
You freeze Grinder but do no damage.
Grinder completely resists.
The frozen ramparts melt away.
Grinder barely misses you.
Casting: Freeze (safe; 1% risk of failure)
Confirm with . or Enter, or press ? or * to list all spells.
Aiming: Freeze (safe; 1% risk of failure)
Press: ? - help, Shift-Dir - straight line, f/p - Grinder
Aim: Grinder (lightly wounded)
You freeze Grinder.
Grinder resists.
Grinder is lightly wounded.
Grinder hits you but does no damage.
Press: ? - help, v - describe, . - travel
Here: Grinder (lightly wounded)
The floor.
You hit Grinder.
Grinder is moderately wounded.
You hit Grinder.
Grinder is moderately wounded.
Grinder hits you but does no damage.
You hit Grinder.
Grinder is poisoned.
Grinder is moderately wounded.
Grinder gestures at you.
You suddenly lose the ability to move!
Grinder hits you.
* * * LOW HITPOINT WARNING * * *
You writhe in agony.
You die...

## ##.###
.#######...#####
.'.............#
.############..#
........#####..#
#.#####).....#.#####.#
#.#####..###.#.......#
#.#...#..# #.#..5#####
#.#.#.#..# #.#.#@#
#........# #.#.#.# ###
..#...#.## #.#!..# #.#
........# #.##### #.#
###.##### #.# #.#
#.....# #.#
##########.# #####.#
#.# #........).# #.#
#.# #.##########
#.####.###.#


You could see Grinder (very poisoned).

Vanquished Creatures
  A phantom (D:4)
  A gnoll bouda (D:4)
  An orc wizard (D:3)
  6 gnolls (D:4)
  4 adders
  2 orcs (D:3)
  6 ball pythons
  2 bats (D:1)
  6 endoplasms
  4 giant cockroaches (D:1)
  10 goblins
  6 hobgoblins
  4 kobolds
  6 quokkas
  4 frilled lizards
  3 rats
66 creatures vanquished.

Notes
Turn   | Place    | Note
-------+----------+-------------------------------------------
     0 | D:1      | SeerSkye the Merfolk Ice Elementalist began the quest for
                  | the Orb.
     0 | D:1      | Reached XP level 1. HP: 13/13 MP: 3/3
   220 | D:2      | Found Faim's Antique Weapon Shop.
   375 | D:2      | Reached XP level 2. HP: 19/19 MP: 3/5
   438 | D:2      | Reached skill level 5 in Ice Magic
   471 | D:2      | Reached XP level 3. HP: 22/24 MP: 0/6
   704 | D:1      | Learned a level 3 spell: Frozen Ramparts
  1127 | D:1      | Reached skill level 6 in Ice Magic
  1277 | D:1      | Reached XP level 4. HP: 30/30 MP: 5/7
  1519 | D:2      | Learned a level 3 spell: Ozocubu's Armour
  1863 | D:4      | Noticed an ogre
  2024 | D:3      | Noticed Sigmund
  2184 | D:4      | Reached skill level 1 in Fighting
  2184 | D:4      | Reached XP level 5. HP: 27/37 MP: 5/9
  2187 | D:4      | Found an iron altar of Okawaru.
  2284 | D:4      | Noticed a phantom
  2319 | D:4      | Killed a phantom
  2443 | D:4      | Reached XP level 6. HP: 40/44 MP: 3/10
  2459 | D:4      | Noticed Grinder
  2511 | D:4      | Paralysed by Grinder for 3 turns
  2527 | D:4      | Paralysed by Grinder for 3 turns
  2528 | D:4      | HP: 2/44 [Grinder (4)]
  2528 | D:4      | Slain by Grinder

Illustrated notes

Levels and vault maps discovered:
D:1:      lemuel_arrival_tunnels, layout_basic
D:2:      minmay_recursive_quarters, layout_loops_ring, serial_shops, shop
D:3:      layout_basic, overflow_temple_1_default, uniq_sigmund
D:4:      layout_basic, okawaru_trees_2, kennysheep_diamond, uniq_grinder

Skill      XL: |  1  2  3  4  5 |
---------------+----------------+-----
Ice Magic      | 5 6 |  6.6
Spellcasting   | 3 |  3.0
Fighting       | 1 2 |  2.0
Short Blades   | 3 |  3.0
Dodging        | |  2.6
Stealth        | |  2.1

Action                     |  1- 3 |  4- 6 || total
---------------------------+-------+-------++-------
  Melee: Dagger            |    58 |    48 ||   106
         Unarmed           |     2 |       ||     2
         Punch             |     1 |     1 ||     2
  Throw: Stone             |     1 |       ||     1
         Dart              |       |     7 ||     7
   Cast: Freeze            |    47 |    45 ||    92
         Frozen Ramparts   |       |     3 ||     3
         Ozocubu's Armour  |       |     2 ||     2
    Use: Potion            |     1 |     2 ||     3
         Scroll            |       |     3 ||     3
   Stab: Sleeping          |     2 |       ||     2
 Armour: Robe              |    20 |    20 ||    40
  Dodge: Dodged            |    45 |    34 ||    79
